 Dungeon Sprint DCSS version 0.19.5 (webtiles) character file.

611 Mesmaeker13 the Fighter (level 7, -3/72 HPs)
             Began as a Hill Orc Fighter on May 5, 2017.
             Was an Initiate of Trog.
             Slain by a centaur warrior (8 damage)
             ... in the Dungeon (Sprint I: "Red Sonja").
             The game lasted 00:02:12 (968 turns).

Mesmaeker13 the Fighter (Hill Orc Fighter)           Turns: 968, Time: 00:02:12

Health: -3/72      AC:  8    Str: 21    XL:     7   Next: 44%
Magic:  7/7        EV:  8    Int:  8    God:    Trog [......]
Gold:   162        SH: 11    Dex: 10    Spells: 0 memorised, 6 levels left

rFire  . . .     SeeInvis .     a - +0 flail
rCold  . . .     Gourm    .     b - +0 scale mail
rNeg   . . .     Faith    .     c - +0 shield
rPois  .         Spirit   .     (no helmet)
rElec  .         Reflect  .     (no cloak)
rCorr  .         Harm     .     (no gloves)
MR     .....     NoTele   +     (no boots)
Stlth  ..........               (no amulet)
                                (no ring)
                                (no ring)

@: very slightly contaminated, hasted, very quick
A: no striking features
a: Burn Spellbooks, Renounce Religion


You were in the Dungeon.
You worshipped Trog.
Trog was noncommittal.
You were not hungry.

You visited 1 branch You collected 305 gold pieces.
You spent 143 gold pieces at shops.

Inventory:

Hand Weapons
 a - a +0 flail (weapon)
Armour
 b - a +0 scale mail (worn)
 c - a +0 shield (worn)
Scrolls
 j - a scroll of identify {unknown}
 k - a scroll of blinking
Potions
 e - a potion of curing
 g - a potion of heal wounds
 i - 2 potions of magic
Comestibles
 f - a bread ration


   Skills:
 + Level 10.0 Fighting
 + Level 8.8 Maces & Flails
 + Level 9.1 Armour
 + Level 9.3 Shields


You had 6 spell levels left.
You didn't know any spells.

Dungeon Overview and Level Annotations

Branches:
Dungeon (1/1)

Altars:
Cheibriados
Dithmenos
Elyvilon
Fedhas
Gozag
Hepliaklqana
Kikubaaqudgha
Makhleb
Nemelex Xobeh
Okawaru
Qazlal
Ru
Sif Muna
Trog
Uskayaw
Vehumet
Xom
Yredelemnul
Zin
The Shining One
Jiyva
Lugonu

Shops:
D !


Message History

You block the centaur warrior's attack. The centaur warrior hits you!
Okay, then.
Okay, then.
You feel yourself speed up.
The centaur warrior unwields an uncursed shortbow.
The centaur warrior hits you. You block the centaur warrior's attack.
You are very lightly contaminated with residual magic.
You hit the centaur warrior.
The centaur warrior is lightly wounded.
The centaur warrior hits you but does no damage.
You block the centaur warrior's attack. The centaur warrior hits you! x2
* * * LOW HITPOINT WARNING * * *
You closely miss the centaur warrior.
The centaur warrior is lightly wounded.
The centaur warrior hits you!
* * * LOW HITPOINT WARNING * * *
You bludgeon the centaur warrior!!
The centaur warrior is moderately wounded.
The centaur warrior hits you!
You die...

###################
#<.#..)..#..'..#__#
#..'..#..').#..'..+
#..#####'#####'#__# ##
#..####..#...#.####§§#
#..#__####..##.#c≈§§c#
#..#_____##'#..§§≈≈§.+
#⌠⌠#_.∩.cc(((.§#≈§≈§c#
####_.._@##_.#+##+####
#_____###+# #######


You could see 2 centaur warriors.

Vanquished Creatures
  A slime creature (D)
  Sigmund (D)
  A yak (D)
  An ogre (D)
  A jelly (D)
  Ijyb (D)
6 creatures vanquished.

Notes
Turn   | Place    | Note
-------+----------+-------------------------------------------
     0 | D        | Mesmaeker13 the Hill Orc Fighter began the quest for the Orb.
     0 | D        | Reached XP level 1. HP: 19/19 MP: 1/1
     1 | D        | Noticed Ijyb
    21 | D        | Killed Ijyb
    21 | D        | Reached skill level 5 in Fighting
    21 | D        | Reached XP level 2. HP: 10/29 MP: 2/2
    21 | D        | Reached XP level 3. HP: 12/36 MP: 3/3
   217 | D        | Noticed an ogre
   222 | D        | Killed an ogre
   222 | D        | Reached skill level 6 in Fighting
   222 | D        | Reached skill level 5 in Maces & Flails
   222 | D        | Reached skill level 5 in Armour
   222 | D        | Reached XP level 4. HP: 45/45 MP: 4/4
   279 | D        | Noticed Sigmund
   302 | D        | Killed Sigmund
   302 | D        | Reached skill level 8 in Fighting
   302 | D        | Reached XP level 5. HP: 18/53 MP: 5/5
   302 | D        | Reached XP level 6. HP: 21/61 MP: 6/6
   509 | D        | Found a deep blue altar of Sif Muna.
   511 | D        | Found a radiant altar of Vehumet.
   551 | D        | Found Utunaz's Distillery.
   551 | D        | Found an ancient bone altar of Kikubaaqudgha.
   551 | D        | Found a hazy altar of Hepliaklqana.
   551 | D        | Found a stormy altar of Qazlal.
   551 | D        | Found a hide-covered altar of Uskayaw.
   551 | D        | Found a blossoming altar of Fedhas.
   551 | D        | Found a bloodstained altar of Trog.
   551 | D        | Found an iron altar of Okawaru.
   551 | D        | Found a basalt altar of Yredelemnul.
   551 | D        | Found a glowing golden altar of the Shining One.
   551 | D        | Found a snail-covered altar of Cheibriados.
   551 | D        | Found a sacrificial altar of Ru.
   551 | D        | Found a glowing silver altar of Zin.
   551 | D        | Found a shadowy altar of Dithmenos.
   551 | D        | Found a white marble altar of Elyvilon.
   551 | D        | Noticed a yak
   559 | D        | Killed a yak
   559 | D        | Reached skill level 9 in Fighting
   559 | D        | Reached XP level 7. HP: 44/70 MP: 7/7
   560 | D        | Found an opulent altar of Gozag.
   563 | D        | Found a sparkling altar of Nemelex Xobeh.
   570 | D        | Became a worshipper of Trog the Wrathful
   572 | D        | Bought a potion of heal wounds for 55 gold pieces
   572 | D        | Bought a potion of ambrosia for 88 gold pieces
   693 | D        | Found a burning altar of Makhleb.
   693 | D        | Found a viscous altar of Jiyva.
   693 | D        | Found a shimmering altar of Xom.
   693 | D        | Found a corrupted altar of Lugonu.
   693 | D        | Noticed a slime creature
   706 | D        | Killed a slime creature
   706 | D        | Reached skill level 10 in Fighting
   945 | D        | Noticed a centaur warrior
   946 | D        | Noticed a centaur warrior
   957 | D        | HP: 1/72 [centaur warrior/arrow (17)]
   968 | D        | Slain by a centaur warrior

Skill      XL: |  1  2  3  4  5  6  7 |
---------------+----------------------+-----
Fighting       | 5 6 8 9 10 | 10.0
Maces & Flails | 3 5 7 8 |  8.8
Armour         | 4 5 7 8 9 |  9.1
Shields        | 4 6 7 8 9 |  9.3

Action                   |  1- 3 |  4- 6 |  7- 9 || total
-------------------------+-------+-------+-------++-------
Melee: Flail             |    23 |    27 |    17 ||    67
  Use: Potion            |     1 |     1 |     3 ||     5
Armor: Scale mail        |     3 |     5 |     4 ||    12
Dodge: Dodged            |     5 |     3 |     3 ||    11
Block: Shield            |    10 |     7 |    10 ||    27
